Blues vs Senateurs (R1)

Created - February 13, 2020 at 19:44

Goals
1 2 3 T
Blues 0 3 0 3
Senateurs 1 1 2 4
Shots
1 2 3 T
Blues 12 18 2 32
Senateurs 9 3 11 23

1st period

1. Senateurs , Daniel Briere 14 (Mark Giordano 8, Radim Vrbata 9) at 16:15

Penalties :
Evgeni Malkin (Ott) for Interference (Minor) at 0:44, Cody Franson (Ott) for Slashing (Minor) at 4:10, Jean-Gabriel Pageau (STL) for Hooking (Minor) at 7:57, Daniel Sedin (Ott) for Hooking (Minor) at 18:07

2nd period

2. Blues , Shayne Gostisbehere 3 (David Perron 24, Pascal Leclaire) at 2:50 (PP)
3. Blues , Jean-Gabriel Pageau 14 (Alex Pietrangelo 43, Filip Forsberg 16) at 4:28
4. Senateurs , Phil Kessel 25 (Daniel Briere 12, Cody Franson 22) at 17:09 (SH)
5. Blues , Alex Pietrangelo 13 (David Perron 25, Jordan Eberle 27) at 17:25 (PP)

Penalties :
Dion Phaneuf (Ott) for Unsportsmanlike conduct (Minor) at 1:22, Dion Phaneuf (Ott) for Hooking (Minor) at 6:31, Mark Giordano (Ott) for Holding (Minor) at 10:09, Nate Prosser (Ott) for Roughing (Minor) at 16:26, Alex Pietrangelo (STL) for Tripping (Minor) at 17:43

3rd period

6. Senateurs , Sidney Crosby 35 (Jamie Benn 24, Dion Phaneuf 33) at 10:40
7. Senateurs , Ryan Hollweg 2 (Michel Ouellet 4, Stephane Da Costa 1) at 12:08

Penalties :
Colby Armstrong (Ott) for Roughing (Minor) at 2:33, Evgeni Malkin (Ott) for Holding (Minor) at 7:12, Kyle Clifford (STL) for Slashing (Minor) at 15:26, Radim Vrbata (Ott) for Holding (Minor) at 17:46

Goalie Stats

Pascal Leclaire (STL), 19 saves from 23 shots - (0.826), L, 4-1-1, 59:51 minutes
Ondrej Pavelec (Ott), 29 saves from 32 shots - (0.906), W, 24-10-5, 60:00 minutes

Players Stats for Blues

Player Name              G  A  P  +/- PIM S  H  SB GA TA FO     MP     PP MP  PK MP  
------------------------------------------------------------------------------------
Alex Pietrangelo         1  1  2  -2  2   7  2  1  4  1  0/0    27:23   9:18   2:05 
Cody Ceci                0  0  0  -1  0   0  1  2  0  2  0/0    11:36   0:34   3:12 
David Perron             0  2  2  -1  0   6  2  0  1  2  2/4    21:19   9:08   0:19 
Dougie Hamilton          0  0  0  -1  0   0  0  0  0  0  0/0    16:28   8:27   0:27 
Filip Forsberg           0  1  1   0  0   2  1  1  0  0  1/2    20:04   8:55   1:42 
Gustav Nyquist           0  0  0  -2  0   1  0  0  0  0  0/0     6:23   0:37   0:00 
Jake Gardiner            0  0  0  -1  0   2  0  0  0  1  0/0    25:53  10:07   2:45 
Jean-Gabriel Pageau      1  0  1   0  2   3  1  1  1  1  3/8    19:25   8:55   1:07 
Jordan Eberle            0  1  1  -1  0   2  2  0  1  0  0/1    23:50   8:47   3:12 
Kyle Clifford            0  0  0   0  2   1  1  0  1  1  0/0     9:17   0:16   0:21 
Nicklas Backstrom        0  0  0  -1  0   0  1  0  0  0  19/34  21:24   9:08   0:21 
Reilly Smith             0  0  0   0  0   0  0  1  0  0  0/0     8:43   0:16   0:00 
Sergei Shirokov          0  0  0   0  0   2  1  0  1  0  1/2    18:05   8:55   0:00 
Sergey Kalinin           0  0  0  -2  0   0  2  1  0  1  2/8     9:26   0:00   3:11 
Shayne Gostisbehere      1  0  1   0  0   3  3  1  2  1  0/0    20:34   8:12   0:55 
Simon Gagné              0  0  0  -2  0   1  2  0  0  0  0/0     7:36   0:00   1:41 
Tomas Plekanec           0  0  0   0  0   1  0  0  0  0  1/3     8:12   0:00   0:00 
Yann Sauvé               0  0  0  -1  0   1  2  2  0  0  0/0    18:22   0:00   2:30 

Players Stats for Senateurs

Player Name              G  A  P  +/- PIM S  H  SB GA TA FO     MP     PP MP  PK MP  
------------------------------------------------------------------------------------
Carlo Colaiacovo         0  0  0   3  0   0  1  0  0  0  0/0    11:27   0:00   2:35 
Cody Franson             0  1  1   1  2   0  1  0  1  0  0/0    27:38   3:39   8:43 
Colby Armstrong          0  0  0  -1  2   1  1  1  1  0  1/1    11:29   2:42   0:00 
Daniel Briere            1  1  2   2  0   2  1  0  0  0  4/7    14:12   0:00   6:27 
Daniel Sedin             0  0  0  -1  2   1  1  0  0  0  0/0    12:47   2:42   0:39 
Dion Phaneuf             0  1  1   1  4   1  0  2  0  3  0/0    27:12   3:39   8:30 
Duncan Keith             0  0  0  -1  0   2  3  1  1  1  0/0    22:20   2:18   8:25 
Evgeni Malkin            0  0  0  -1  4   4  1  1  2  1  5/10   20:14   2:42   7:44 
Jamie Benn               0  1  1   1  0   0  0  1  1  1  0/1    19:27   3:15   2:57 
Mark Giordano            0  1  1   3  2   0  0  0  0  1  0/0     9:13   0:00   0:08 
Michel Ouellet           0  1  1   1  0   0  1  0  0  1  0/0     5:19   0:00   0:00 
Nate Prosser             0  0  0  -1  2   3  1  0  0  1  0/0    22:09   2:18   8:17 
Phil Kessel              1  0  1   2  0   2  2  0  1  2  1/1    21:37   3:15   5:37 
Radim Vrbata             0  1  1   1  2   2  1  0  0  0  0/0    11:41   0:00   3:39 
Ryan Hollweg             1  0  1   1  0   1  0  0  1  0  1/1     5:44   0:00   0:00 
Sergei Kostitsyn         0  0  0   1  0   0  0  0  0  0  0/0     7:43   0:00   0:00 
Sidney Crosby            1  0  1   1  0   3  2  0  2  0  20/40  26:00   3:15   9:35 
Stephane Da Costa        0  1  1   1  0   1  1  0  0  0  1/1     5:19   0:00   0:00 

3 Stars

1 - Daniel Briere (Ott)
2 - Phil Kessel (Ott)
3 - Sidney Crosby (Ott)

Power Play

Blues - 2 on 10 Attempt(s) - 20.00%
Senateurs - 0 on 3 Attempt(s) - 0.00%

Penalty Kill

Blues - 3 on 3 Attempt(s) - 100.00% - Score 0 goal in Penalty Kill
Senateurs - 8 on 10 Attempt(s) - 80.00% - Score 1 goal in Penalty Kill

Team Stat

Blues - Hits : 21 - Faceoff Wins : 29 - Blocked Shots : 10 - Penalty Minutes : 6
Senateurs - Hits : 17 - Faceoff Wins : 33 - Blocked Shots : 6 - Penalty Minutes : 20

Official

Referees : Unknown
Linesman : Unknown

Game Notes

No Game Note

Finance

Level 1 -- Attendance: 6000 (100.00%) -- Ticket Income $618,000
Level 2 -- Attendance: 3886 (77.72%) -- Ticket Income $264,248
Level 3 -- Attendance: 1761 (88.05%) -- Ticket Income $75,723
Level 4 -- Attendance: 4000 (100.00%) -- Ticket Income $112,000
Luxury Box -- Attendance: 949 (94.90%) -- Ticket Income $170,820
Game was played at the Place Banque Scotia.
Total Attendance: 16596 (92.20%)
Total Ticket Income: $1,240,791
Other Income: $186,119
Total Income: $1,426,910

Blues

5 vs 5 Forward 
   Center                   Left Wing                Right Wing               Time % Phy DF OF 
 1 Nicklas Backstrom        David Perron             Jordan Eberle            40     1   2  2  
 2 Jean-Gabriel Pageau      Filip Forsberg           Sergei Shirokov          30     1   2  2  
 3 Tomas Plekanec           Kyle Clifford            Reilly Smith             20     1   2  2  
 4 Sergey Kalinin           Simon Gagné              Gustav Nyquist           10     1   2  2  

5 vs 5 Defense 
   Defense                  Defense                                           Time % Phy DF OF 
 1 Alex Pietrangelo         Yann Sauvé                                        40     1   2  2  
 2 Shayne Gostisbehere      Jake Gardiner                                     30     1   2  2  
 3 Cody Ceci                Dougie Hamilton                                   20     1   2  2  
 4 Yann Sauvé               Jake Gardiner                                     10     1   2  2  

PowerPlay Forward 
   Center                   Left Wing                Right Wing               Time % Phy DF OF 
 1 Nicklas Backstrom        David Perron             Jordan Eberle            60     1   2  2  
 2 Jean-Gabriel Pageau      Filip Forsberg           Sergei Shirokov          40     1   2  2  

PowerPlay Defense
   Defense                  Defense                                           Time % Phy DF OF 
 1 Alex Pietrangelo         Jake Gardiner                                     60     1   2  2  
 2 Shayne Gostisbehere      Dougie Hamilton                                   40     1   2  2  

Penalty Kill 4 Players Forward 
   Center                   Wing                     Time % Phy DF OF 
 1 Sergey Kalinin           Jordan Eberle            60     1   2  2  
 2 Jean-Gabriel Pageau      Simon Gagné              40     1   2  2  

Penalty Kill 4 Players Defense
   Defense                  Defense                  Time % Phy DF OF 
 1 Alex Pietrangelo         Cody Ceci                60     1   2  2  
 2 Jake Gardiner            Yann Sauvé               40     1   2  2  

Penalty Kill - 3 Players Forward 
   Forward                                           Time % Phy DF OF 
 1 Sergey Kalinin                                    60     1   2  2  
 2 Jordan Eberle                                     40     1   2  2  

Penalty Kill - 3 Players Defense
   Defense                  Defense                  Time % Phy DF OF 
 1 Alex Pietrangelo         Cody Ceci                60     1   2  2  
 2 Jake Gardiner            Yann Sauvé               40     1   2  2  

4 vs 4 Forward 
   Center                   Wing                     Time % Phy DF OF 
 1 Nicklas Backstrom        David Perron             60     1   2  2  
 2 Jean-Gabriel Pageau      Jordan Eberle            40     1   2  2  

4 vs 4 Defense
   Defense                  Defense                  Time % Phy DF OF 
 1 Alex Pietrangelo         Cody Ceci                60     1   2  2  
 2 Jake Gardiner            Shayne Gostisbehere      40     1   2  2  

Last Minutes Offensive
   Center                   Left Wing                Right Wing               Defense                  Defense                  
   Nicklas Backstrom        David Perron             Jordan Eberle            Alex Pietrangelo         Jake Gardiner            

Last Minutes Defensive
   Center                   Left Wing                Right Wing               Defense                  Defense                  
   Sergey Kalinin           Kyle Clifford            Jordan Eberle            Yann Sauvé               Cody Ceci                

Goaltenders
Starting : Pascal Leclaire          
Backup : Carey Price              

Extra Forwards
Normal : Jean-Gabriel Pageau, Sergey Kalinin, Jordan Eberle - PP : Gustav Nyquist, Nicklas Backstrom - PK : Filip Forsberg
Extra Defensemen
Normal : Shayne Gostisbehere, Cody Ceci, Jake Gardiner - PP : Shayne Gostisbehere - PK : Shayne Gostisbehere, Jake Gardiner
Penalty Shots
David Perron, Jordan Eberle, Nicklas Backstrom, Filip Forsberg, Sergei Shirokov

Scratches
Drew Shore (Broken Right Thumb Injury), D.J King (Healthy)

Senateurs

5 vs 5 Forward 
   Center                   Left Wing                Right Wing               Time % Phy DF OF 
 1 Sidney Crosby            Jamie Benn               Phil Kessel              40     1   2  2  
 2 Evgeni Malkin            Daniel Sedin             Colby Armstrong          30     1   2  2  
 3 Daniel Briere            Sergei Kostitsyn         Radim Vrbata             20     1   2  2  
 4 Stephane Da Costa        Ryan Hollweg             Michel Ouellet           10     1   2  2  

5 vs 5 Defense 
   Defense                  Defense                                           Time % Phy DF OF 
 1 Dion Phaneuf             Cody Franson                                      40     1   2  2  
 2 Duncan Keith             Nate Prosser                                      30     1   2  2  
 3 Mark Giordano            Carlo Colaiacovo                                  20     1   2  2  
 4 Dion Phaneuf             Cody Franson                                      10     1   2  2  

PowerPlay Forward 
   Center                   Left Wing                Right Wing               Time % Phy DF OF 
 1 Sidney Crosby            Jamie Benn               Phil Kessel              60     1   2  2  
 2 Evgeni Malkin            Daniel Sedin             Colby Armstrong          40     1   2  2  

PowerPlay Defense
   Defense                  Defense                                           Time % Phy DF OF 
 1 Dion Phaneuf             Cody Franson                                      60     1   2  2  
 2 Duncan Keith             Nate Prosser                                      40     1   2  2  

Penalty Kill 4 Players Forward 
   Center                   Wing                     Time % Phy DF OF 
 1 Sidney Crosby            Evgeni Malkin            60     1   2  2  
 2 Phil Kessel              Daniel Briere            40     1   2  2  

Penalty Kill 4 Players Defense
   Defense                  Defense                  Time % Phy DF OF 
 1 Dion Phaneuf             Cody Franson             60     1   2  2  
 2 Duncan Keith             Nate Prosser             40     1   2  2  

Penalty Kill - 3 Players Forward 
   Forward                                           Time % Phy DF OF 
 1 Sidney Crosby                                     60     1   2  2  
 2 Evgeni Malkin                                     40     1   2  2  

Penalty Kill - 3 Players Defense
   Defense                  Defense                  Time % Phy DF OF 
 1 Dion Phaneuf             Cody Franson             60     1   2  2  
 2 Duncan Keith             Nate Prosser             40     1   2  2  

4 vs 4 Forward 
   Center                   Wing                     Time % Phy DF OF 
 1 Sidney Crosby            Evgeni Malkin            60     1   2  2  
 2 Phil Kessel              Daniel Briere            40     1   2  2  

4 vs 4 Defense
   Defense                  Defense                  Time % Phy DF OF 
 1 Dion Phaneuf             Cody Franson             60     1   2  2  
 2 Duncan Keith             Nate Prosser             40     1   2  2  

Last Minutes Offensive
   Center                   Left Wing                Right Wing               Defense                  Defense                  
   Sidney Crosby            Jamie Benn               Phil Kessel              Dion Phaneuf             Cody Franson             

Last Minutes Defensive
   Center                   Left Wing                Right Wing               Defense                  Defense                  
   Sidney Crosby            Jamie Benn               Phil Kessel              Dion Phaneuf             Cody Franson             

Goaltenders
Starting : Ondrej Pavelec           
Backup : Roberto Luongo           

Extra Forwards
Normal : Sergei Kostitsyn, Ryan Hollweg, Radim Vrbata - PP : Sergei Kostitsyn, Ryan Hollweg - PK : Radim Vrbata
Extra Defensemen
Normal : Mark Giordano, Carlo Colaiacovo, Duncan Keith - PP : Mark Giordano - PK : Carlo Colaiacovo, Duncan Keith
Penalty Shots
Sidney Crosby, Evgeni Malkin, Phil Kessel, Daniel Briere, Jamie Benn

Scratches
Chris Kunitz (Healthy), Arturs Kulda (Healthy)

% Time on Ice - Blues

Lines # - Real PCT - Wanted PCT - Time Play
Normal Forward
1 - 34% - 40% - 12:12
2 - 26% - 30% - 9:22
3 - 23% - 20% - 8:12
4 - 16% - 10% - 5:44
Normal Defense
1 - 45% - 40% - 15:59
2 - 31% - 30% - 11:09
3 - 19% - 20% - 6:46
4 - 5% - 10% - 1:36
PP Forward
1 - 50% - 60% - 9:08
2 - 50% - 40% - 9:11
PP Defense
1 - 55% - 60% - 10:07
2 - 45% - 40% - 8:12
PK Forward
1 - 72% - 60% - 4:16
2 - 28% - 40% - 1:41
PK Defense
1 - 58% - 60% - 3:27
2 - 42% - 40% - 2:30
PK3 Forward
1 - 0% - 60%
2 - 0% - 40%
PK3 Defense
1 - 0% - 60%
2 - 0% - 40%
44 Forward
1 - 0% - 60%
2 - 0% - 40%
44 Defense
1 - 0% - 60%
2 - 0% - 40%
Last Minute Offensive  - 0:14
Last Minute Defensive  - 0:00
Total
Forward - 60:00
Defense - 60:00

% Time on Ice - Senateurs

Lines # - Real PCT - Wanted PCT - Time Play
Normal Forward
1 - 38% - 40% - 13:43
2 - 25% - 30% - 8:59
3 - 22% - 20% - 7:43
4 - 15% - 10% - 5:19
Normal Defense
1 - 43% - 40% - 15:17
2 - 32% - 30% - 11:35
3 - 25% - 20% - 8:52
4 - 0% - 10% - 0:00
PP Forward
1 - 55% - 60% - 3:15
2 - 45% - 40% - 2:42
PP Defense
1 - 61% - 60% - 3:39
2 - 39% - 40% - 2:18
PK Forward
1 - 69% - 60% - 12:42
2 - 31% - 40% - 5:37
PK Defense
1 - 55% - 60% - 10:02
2 - 45% - 40% - 8:17
PK3 Forward
1 - 0% - 60%
2 - 0% - 40%
PK3 Defense
1 - 0% - 60%
2 - 0% - 40%
44 Forward
1 - 0% - 60%
2 - 0% - 40%
44 Defense
1 - 0% - 60%
2 - 0% - 40%
Last Minute Offensive  - 0:00
Last Minute Defensive  - 0:00
Total
Forward - 60:00
Defense - 60:00

Play-by-Play

1st period


0:01 of 1st period - Phil Kessel wins face-off versus Nicklas Backstrom in neutral zone.
0:34 of 1st period - Slapshot by Dion Phaneuf.
0:34 of 1st period - Stopped by Pascal Leclaire with a rebound.
0:44 of 1st period - Minor Penalty to Evgeni Malkin for Interference.
0:45 of 1st period - Sidney Crosby wins face-off versus Jordan Eberle in Senateurs zone.
1:20 of 1st period - Slapshot by Alex Pietrangelo.
1:20 of 1st period - Stopped by Ondrej Pavelec without a rebound.
1:21 of 1st period - Sidney Crosby wins face-off versus Nicklas Backstrom in Senateurs zone.
1:54 of 1st period - Slapshot by Filip Forsberg.
1:54 of 1st period - Stopped by Ondrej Pavelec without a rebound.
1:55 of 1st period - Jean-Gabriel Pageau wins face-off versus Daniel Briere in Senateurs zone.
2:10 of 1st period - Snap shot by Filip Forsberg.
2:10 of 1st period - Shot Misses the Net.
2:44 of 1st period - Penalty to Evgeni Malkin is over, Evgeni Malkin is back on ice.
2:56 of 1st period - Wrist shot by Sidney Crosby.
2:56 of 1st period - Shot Misses the Net.
3:45 of 1st period - Jake Gardiner is hit by Radim Vrbata and loses puck.
4:10 of 1st period - Minor Penalty to Cody Franson for Slashing.
4:11 of 1st period - Nicklas Backstrom wins face-off versus Sidney Crosby in Senateurs zone.
4:24 of 1st period - Wrist shot by Jordan Eberle.
4:24 of 1st period - Stopped by Ondrej Pavelec with a rebound.
5:34 of 1st period - Jordan Eberle is hit by Duncan Keith and loses puck.
6:10 of 1st period - Penalty to Cody Franson is over, Cody Franson is back on ice.
6:23 of 1st period - Slapshot by Alex Pietrangelo.
6:23 of 1st period - Stopped by Ondrej Pavelec without a rebound.
6:24 of 1st period - Tomas Plekanec wins face-off versus Daniel Briere in Senateurs zone.
6:33 of 1st period - Snap shot by Tomas Plekanec.
6:33 of 1st period - Stopped by Ondrej Pavelec without a rebound.
6:34 of 1st period - Daniel Briere wins face-off versus Tomas Plekanec in Senateurs zone.
6:41 of 1st period - Slapshot by Duncan Keith.
6:41 of 1st period - Stopped by Pascal Leclaire without a rebound.
6:42 of 1st period - Nicklas Backstrom wins face-off versus Jamie Benn in Blues zone.
6:55 of 1st period - Wrist shot by David Perron.
6:55 of 1st period - Stopped by Ondrej Pavelec without a rebound.
6:56 of 1st period - Sidney Crosby wins face-off versus Jean-Gabriel Pageau in Senateurs zone.
7:51 of 1st period - Snap shot by Daniel Briere.
7:51 of 1st period - Shot Misses the Net.
7:53 of 1st period - Wrist shot by Radim Vrbata.
7:53 of 1st period - Deflect By Kyle Clifford.
7:53 of 1st period - Shot Misses the Net.
7:53 of 1st period - Puck is out of play.
7:54 of 1st period - Sidney Crosby wins face-off versus Jean-Gabriel Pageau in Blues zone.
7:55 of 1st period - Slapshot by Jamie Benn.
7:55 of 1st period - Shot Blocked by Jean-Gabriel Pageau.
7:57 of 1st period - Minor Penalty to Jean-Gabriel Pageau for Hooking.
7:58 of 1st period - Sidney Crosby wins face-off versus Sergey Kalinin in Blues zone.
9:57 of 1st period - Penalty to Jean-Gabriel Pageau is over, Jean-Gabriel Pageau is back on ice.
10:12 of 1st period - Mark Giordano is hit by Shayne Gostisbehere.
10:16 of 1st period - Radim Vrbata is hit by Cody Ceci and loses puck.
10:47 of 1st period - Slapshot by David Perron.
10:47 of 1st period - Stopped by Ondrej Pavelec without a rebound.
10:48 of 1st period - Evgeni Malkin wins face-off versus Nicklas Backstrom in Senateurs zone.
10:57 of 1st period - Wrist shot by Evgeni Malkin.
10:57 of 1st period - Stopped by Pascal Leclaire with a rebound.
11:11 of 1st period - Wrist shot by Sergei Kostitsyn.
11:11 of 1st period - Shot Misses the Net.
11:40 of 1st period - Duncan Keith is hit by Kyle Clifford and loses puck.
11:51 of 1st period - Snap shot by Nate Prosser.
11:51 of 1st period - Stopped by Pascal Leclaire with a rebound.
11:53 of 1st period - Slapshot by Nate Prosser.
11:53 of 1st period - Stopped by Pascal Leclaire without a rebound.
11:54 of 1st period - Ryan Hollweg wins face-off versus Filip Forsberg in Blues zone.
12:27 of 1st period - Slapshot by Alex Pietrangelo.
12:27 of 1st period - Deflect By Sergei Shirokov.
12:27 of 1st period - Shot Hit the Post.
12:27 of 1st period - Puck is out of play.
12:28 of 1st period - Sidney Crosby wins face-off versus Nicklas Backstrom in Senateurs zone.
12:45 of 1st period - Snap shot by Phil Kessel.
12:45 of 1st period - Stopped by Pascal Leclaire without a rebound.
12:46 of 1st period - Jean-Gabriel Pageau wins face-off versus Evgeni Malkin in Blues zone.
12:51 of 1st period - Snap shot by Daniel Sedin.
12:51 of 1st period - Shot Blocked by Filip Forsberg.
13:16 of 1st period - Snap shot by David Perron.
13:16 of 1st period - Shot Blocked by Duncan Keith.
13:36 of 1st period - Tomas Plekanec is hit by Duncan Keith.
13:44 of 1st period - Wrist shot by Daniel Briere.
13:44 of 1st period - Shot Blocked by Cody Ceci.
13:46 of 1st period - Slapshot by Duncan Keith.
13:46 of 1st period - Shot Blocked by Cody Ceci.
13:48 of 1st period - Slapshot by Radim Vrbata.
13:48 of 1st period - Stopped by Pascal Leclaire without a rebound.
13:49 of 1st period - Evgeni Malkin wins face-off versus Nicklas Backstrom in Blues zone.
14:06 of 1st period - Snap shot by Jordan Eberle.
14:06 of 1st period - Shot Blocked by Colby Armstrong.
14:31 of 1st period - Icing by Shayne Gostisbehere.
14:32 of 1st period - Sergey Kalinin wins face-off versus Daniel Briere in Blues zone.
14:37 of 1st period - Carlo Colaiacovo is hit by Simon Gagné and loses puck.
15:06 of 1st period - Slapshot by Sergei Shirokov.
15:06 of 1st period - Stopped by Ondrej Pavelec with a rebound.
15:08 of 1st period - Slapshot by Yann Sauvé.
15:08 of 1st period - Shot Misses the Net.
15:46 of 1st period - David Perron is hit by Colby Armstrong and loses puck.
16:11 of 1st period - Snap shot by Daniel Briere.
16:11 of 1st period - Shot Misses the Net.
16:15 of 1st period - Wrist shot by Daniel Briere.
16:15 of 1st period - Goal by Daniel Briere - Blues : 0 - Senateurs : 1.
16:16 of 1st period - Nicklas Backstrom wins face-off versus Evgeni Malkin in neutral zone.
16:25 of 1st period - Slapshot by Cody Franson.
16:25 of 1st period - Shot Blocked by Yann Sauvé.
16:27 of 1st period - Slapshot by Dion Phaneuf.
16:27 of 1st period - Shot Blocked by Alex Pietrangelo.
16:29 of 1st period - Wrist shot by Cody Franson.
16:29 of 1st period - Shot Misses the Net.
16:31 of 1st period - Snap shot by Evgeni Malkin.
16:31 of 1st period - Stopped by Pascal Leclaire without a rebound.
16:32 of 1st period - Sergei Shirokov wins face-off versus Sidney Crosby in Blues zone.
16:41 of 1st period - Slapshot by Jean-Gabriel Pageau.
16:41 of 1st period - Stopped by Ondrej Pavelec without a rebound.
16:42 of 1st period - Filip Forsberg wins face-off versus Sidney Crosby in Senateurs zone.
16:53 of 1st period - Slapshot by Alex Pietrangelo.
16:53 of 1st period - Stopped by Ondrej Pavelec without a rebound.
16:54 of 1st period - Sidney Crosby wins face-off versus Nicklas Backstrom in Senateurs zone.
17:05 of 1st period - Slapshot by Dion Phaneuf.
17:05 of 1st period - Shot Misses the Net.
17:21 of 1st period - Cody Franson is hit by Shayne Gostisbehere and loses puck.
17:29 of 1st period - Icing by Jamie Benn.
17:30 of 1st period - Sidney Crosby wins face-off versus Nicklas Backstrom in Senateurs zone.
17:57 of 1st period - Snap shot by Sidney Crosby.
17:57 of 1st period - Shot Hit the Post.
18:04 of 1st period - Off-side.
18:05 of 1st period - Colby Armstrong wins face-off versus Nicklas Backstrom in neutral zone.
18:07 of 1st period - Minor Penalty to Daniel Sedin for Hooking.
18:08 of 1st period - Nicklas Backstrom wins face-off versus Sidney Crosby in Senateurs zone.
18:08 of 1st period - Snap shot by David Perron.
18:08 of 1st period - Stopped by Ondrej Pavelec without a rebound.
18:09 of 1st period - Nicklas Backstrom wins face-off versus Sidney Crosby in Senateurs zone.
18:12 of 1st period - Wrist shot by David Perron.
18:12 of 1st period - Stopped by Ondrej Pavelec without a rebound.
18:13 of 1st period - Sidney Crosby wins face-off versus Nicklas Backstrom in Senateurs zone.
Goals for this period are 0 for Blues vs 1 for Senateurs.
Shots for this period are 12 for Blues vs 9 for Senateurs.

2nd period


0:01 of 2nd period - Sidney Crosby wins face-off versus David Perron in neutral zone.
0:07 of 2nd period - Penalty to Daniel Sedin is over, Daniel Sedin is back on ice.
1:22 of 2nd period - Minor Penalty to Dion Phaneuf for Unsportsmanlike conduct.
1:23 of 2nd period - David Perron wins face-off versus Sidney Crosby in Senateurs zone.
2:15 of 2nd period - Dougie Hamilton is hit by Daniel Briere and loses puck.
2:24 of 2nd period - Slapshot by Shayne Gostisbehere.
2:24 of 2nd period - Shot Misses the Net.
2:26 of 2nd period - Snap shot by Dougie Hamilton.
2:26 of 2nd period - Shot Misses the Net.
2:28 of 2nd period - Slapshot by Dougie Hamilton.
2:28 of 2nd period - Deflect By Sergei Shirokov.
2:28 of 2nd period - Shot Misses the Net.
2:28 of 2nd period - Puck is out of play.
2:29 of 2nd period - Nicklas Backstrom wins face-off versus Sidney Crosby in Senateurs zone.
2:36 of 2nd period - Wrist shot by David Perron.
2:36 of 2nd period - Shot Misses the Net.
2:38 of 2nd period - Wrist shot by Shayne Gostisbehere.
2:38 of 2nd period - Stopped by Ondrej Pavelec without a rebound.
2:39 of 2nd period - Nicklas Backstrom wins face-off versus Sidney Crosby in Senateurs zone.
2:50 of 2nd period - Slapshot by Shayne Gostisbehere.
2:50 of 2nd period - Goal by Shayne Gostisbehere - Blues : 1 - Senateurs : 1.
2:51 of 2nd period - Nicklas Backstrom wins face-off versus Evgeni Malkin in neutral zone.
3:00 of 2nd period - Snap shot by Nicklas Backstrom.
3:00 of 2nd period - Shot Misses the Net.
3:02 of 2nd period - Slapshot by Yann Sauvé.
3:02 of 2nd period - Stopped by Ondrej Pavelec with a rebound.
3:23 of 2nd period - Snap shot by Alex Pietrangelo.
3:23 of 2nd period - Deflect By Dion Phaneuf.
3:23 of 2nd period - Stopped by Ondrej Pavelec without a rebound.
3:24 of 2nd period - Sidney Crosby wins face-off versus Jean-Gabriel Pageau in Senateurs zone.
3:30 of 2nd period - Shayne Gostisbehere is hit by Sidney Crosby and loses puck.
3:34 of 2nd period - Icing by Shayne Gostisbehere.
3:35 of 2nd period - Evgeni Malkin wins face-off versus Sergei Shirokov in Blues zone.
3:44 of 2nd period - Snap shot by Sergei Shirokov.
3:44 of 2nd period - Stopped by Ondrej Pavelec with a rebound.
3:46 of 2nd period - Slapshot by Jean-Gabriel Pageau.
3:46 of 2nd period - Shot Misses the Net.
3:48 of 2nd period - Slapshot by Shayne Gostisbehere.
3:48 of 2nd period - Shot Misses the Net.
3:50 of 2nd period - Wrist shot by Jake Gardiner.
3:50 of 2nd period - Stopped by Ondrej Pavelec with a rebound.
3:52 of 2nd period - Slapshot by Jake Gardiner.
3:52 of 2nd period - Deflect By Nate Prosser.
3:52 of 2nd period - Stopped by Ondrej Pavelec without a rebound.
3:53 of 2nd period - Sidney Crosby wins face-off versus Nicklas Backstrom in Senateurs zone.
4:22 of 2nd period - Snap shot by Filip Forsberg.
4:22 of 2nd period - Stopped by Ondrej Pavelec with a rebound.
4:28 of 2nd period - Snap shot by Jean-Gabriel Pageau.
4:28 of 2nd period - Goal by Jean-Gabriel Pageau - Blues : 2 - Senateurs : 1.
4:29 of 2nd period - Sidney Crosby wins face-off versus Nicklas Backstrom in neutral zone.
4:44 of 2nd period - Snap shot by Sidney Crosby.
4:44 of 2nd period - Shot Blocked by Shayne Gostisbehere.
4:46 of 2nd period - Snap shot by Jamie Benn.
4:46 of 2nd period - Shot Misses the Net.
5:19 of 2nd period - Snap shot by Colby Armstrong.
5:19 of 2nd period - Stopped by Pascal Leclaire without a rebound.
5:20 of 2nd period - Daniel Briere wins face-off versus Tomas Plekanec in Blues zone.
5:25 of 2nd period - Wrist shot by Radim Vrbata.
5:25 of 2nd period - Shot Hit the Post.
5:27 of 2nd period - Snap shot by Daniel Briere.
5:27 of 2nd period - Deflect By Alex Pietrangelo.
5:27 of 2nd period - Shot Blocked by Yann Sauvé.
5:27 of 2nd period - Puck is out of play.
5:28 of 2nd period - Nicklas Backstrom wins face-off versus Sidney Crosby in Blues zone.
5:35 of 2nd period - Slapshot by Alex Pietrangelo.
5:35 of 2nd period - Stopped by Ondrej Pavelec without a rebound.
5:36 of 2nd period - Nicklas Backstrom wins face-off versus Sidney Crosby in Senateurs zone.
6:01 of 2nd period - Nicklas Backstrom is hit by Sidney Crosby and loses puck.
6:18 of 2nd period - Slapshot by Dion Phaneuf.
6:18 of 2nd period - Shot Misses the Net.
6:31 of 2nd period - Minor Penalty to Dion Phaneuf for Hooking.
6:32 of 2nd period - Sidney Crosby wins face-off versus Jean-Gabriel Pageau in Senateurs zone.
6:45 of 2nd period - Radim Vrbata is hit by Sergei Shirokov and loses puck.
7:40 of 2nd period - Jamie Benn is hit by Shayne Gostisbehere and loses puck.
8:31 of 2nd period - Penalty to Dion Phaneuf is over, Dion Phaneuf is back on ice.
9:43 of 2nd period - Sergei Shirokov is hit by Phil Kessel and loses puck.
9:56 of 2nd period - Jake Gardiner is hit by Stephane Da Costa and loses puck.
10:09 of 2nd period - Minor Penalty to Mark Giordano for Holding.
10:10 of 2nd period - Sidney Crosby wins face-off versus Nicklas Backstrom in Senateurs zone.
10:20 of 2nd period - Slapshot by Shayne Gostisbehere.
10:20 of 2nd period - Stopped by Ondrej Pavelec with a rebound.
11:25 of 2nd period - Dion Phaneuf is hit by David Perron and loses puck.
11:36 of 2nd period - Sergei Shirokov is hit by Phil Kessel and loses puck.
11:58 of 2nd period - Jamie Benn is hit by Jordan Eberle and loses puck.
12:09 of 2nd period - Penalty to Mark Giordano is over, Mark Giordano is back on ice.
12:19 of 2nd period - Nate Prosser is hit by Alex Pietrangelo and loses puck.
12:24 of 2nd period - Snap shot by Kyle Clifford.
12:24 of 2nd period - Stopped by Ondrej Pavelec without a rebound.
12:25 of 2nd period - Daniel Briere wins face-off versus Sergey Kalinin in Senateurs zone.
12:36 of 2nd period - Slapshot by Alex Pietrangelo.
12:36 of 2nd period - Stopped by Ondrej Pavelec without a rebound.
12:37 of 2nd period - Evgeni Malkin wins face-off versus Jean-Gabriel Pageau in Senateurs zone.
12:54 of 2nd period - Jean-Gabriel Pageau is hit by Evgeni Malkin and loses puck.
14:01 of 2nd period - Nate Prosser is hit by Sergey Kalinin and loses puck.
15:02 of 2nd period - Sidney Crosby is hit by Yann Sauvé and loses puck.
15:21 of 2nd period - Snap shot by Evgeni Malkin.
15:21 of 2nd period - Stopped by Pascal Leclaire without a rebound.
15:22 of 2nd period - Evgeni Malkin wins face-off versus Sergey Kalinin in Blues zone.
15:25 of 2nd period - Wrist shot by Colby Armstrong.
15:25 of 2nd period - Shot Misses the Net.
16:03 of 2nd period - Snap shot by Alex Pietrangelo.
16:03 of 2nd period - Shot Blocked by Dion Phaneuf.
16:05 of 2nd period - Slapshot by Alex Pietrangelo.
16:05 of 2nd period - Shot Misses the Net.
16:07 of 2nd period - Wrist shot by Simon Gagné.
16:07 of 2nd period - Stopped by Ondrej Pavelec with a rebound.
16:11 of 2nd period - Slapshot by Dougie Hamilton.
16:11 of 2nd period - Shot Misses the Net.
16:13 of 2nd period - Wrist shot by Gustav Nyquist.
16:13 of 2nd period - Stopped by Ondrej Pavelec without a rebound.
16:14 of 2nd period - Nicklas Backstrom wins face-off versus Sidney Crosby in Senateurs zone.
16:26 of 2nd period - Minor Penalty to Nate Prosser for Roughing.
16:27 of 2nd period - Sidney Crosby wins face-off versus Nicklas Backstrom in Senateurs zone.
17:09 of 2nd period - Slapshot by Phil Kessel.
17:09 of 2nd period - Goal by Phil Kessel - Blues : 2 - Senateurs : 2.
17:10 of 2nd period - Nicklas Backstrom wins face-off versus Sidney Crosby in neutral zone.
17:13 of 2nd period - Slapshot by Alex Pietrangelo.
17:13 of 2nd period - Shot Blocked by Evgeni Malkin.
17:15 of 2nd period - Wrist shot by Jordan Eberle.
17:15 of 2nd period - Stopped by Ondrej Pavelec without a rebound.
17:16 of 2nd period - Nicklas Backstrom wins face-off versus Sidney Crosby in Senateurs zone.
17:25 of 2nd period - Slapshot by Alex Pietrangelo.
17:25 of 2nd period - Goal by Alex Pietrangelo - Blues : 3 - Senateurs : 2.
17:26 of 2nd period - Sidney Crosby wins face-off versus David Perron in neutral zone.
17:28 of 2nd period - Duncan Keith is hit by Alex Pietrangelo.
17:43 of 2nd period - Minor Penalty to Alex Pietrangelo for Tripping.
17:44 of 2nd period - Sergey Kalinin wins face-off versus Sidney Crosby in Blues zone.
17:58 of 2nd period - Wrist shot by Jordan Eberle.
17:58 of 2nd period - Shot Blocked by Jamie Benn.
19:07 of 2nd period - Wrist shot by Jean-Gabriel Pageau.
19:07 of 2nd period - Stopped by Ondrej Pavelec with a rebound.
19:43 of 2nd period - Penalty to Alex Pietrangelo is over, Alex Pietrangelo is back on ice.
Goals for this period are 3 for Blues vs 1 for Senateurs.
Shots for this period are 18 for Blues vs 3 for Senateurs.

3rd period


0:01 of 3rd period - Nicklas Backstrom wins face-off versus Sidney Crosby in neutral zone.
0:06 of 3rd period - Phil Kessel is hit by Nicklas Backstrom and loses puck.
1:43 of 3rd period - Snap shot by Radim Vrbata.
1:43 of 3rd period - Stopped by Pascal Leclaire with a rebound.
2:33 of 3rd period - Minor Penalty to Colby Armstrong for Roughing.
2:34 of 3rd period - Nicklas Backstrom wins face-off versus Sidney Crosby in Senateurs zone.
3:50 of 3rd period - Dion Phaneuf is hit by David Perron and loses puck.
4:33 of 3rd period - Penalty to Colby Armstrong is over, Colby Armstrong is back on ice.
4:43 of 3rd period - Wrist shot by Michel Ouellet.
4:43 of 3rd period - Shot Blocked by Reilly Smith.
5:41 of 3rd period - Cody Franson is hit by Yann Sauvé and loses puck.
5:48 of 3rd period - Simon Gagné is hit by Michel Ouellet and loses puck.
6:04 of 3rd period - Kyle Clifford is hit by Nate Prosser and loses puck.
6:27 of 3rd period - Jordan Eberle is hit by Cody Franson.
6:47 of 3rd period - Jean-Gabriel Pageau is hit by Carlo Colaiacovo and loses puck.
6:54 of 3rd period - Slapshot by Sidney Crosby.
6:54 of 3rd period - Shot Misses the Net.
7:06 of 3rd period - Sergey Kalinin is hit by Daniel Sedin and loses puck.
7:12 of 3rd period - Minor Penalty to Evgeni Malkin for Holding.
7:13 of 3rd period - Nicklas Backstrom wins face-off versus Sidney Crosby in Senateurs zone.
9:12 of 3rd period - Penalty to Evgeni Malkin is over, Evgeni Malkin is back on ice.
9:24 of 3rd period - Snap shot by Evgeni Malkin.
9:24 of 3rd period - Deflect By Daniel Sedin.
9:24 of 3rd period - Stopped by Pascal Leclaire with a rebound.
9:32 of 3rd period - Daniel Sedin is hit by Sergey Kalinin and loses puck.
9:45 of 3rd period - Slapshot by Nate Prosser.
9:45 of 3rd period - Stopped by Pascal Leclaire with a rebound.
9:47 of 3rd period - Snap shot by Michel Ouellet.
9:47 of 3rd period - Shot Misses the Net.
9:49 of 3rd period - Slapshot by Duncan Keith.
9:49 of 3rd period - Stopped by Pascal Leclaire with a rebound.
10:15 of 3rd period - Slapshot by Daniel Briere.
10:15 of 3rd period - Stopped by Pascal Leclaire without a rebound.
10:16 of 3rd period - Daniel Briere wins face-off versus Sergey Kalinin in Blues zone.
10:21 of 3rd period - Slapshot by Sergei Kostitsyn.
10:21 of 3rd period - Shot Misses the Net.
10:27 of 3rd period - Dion Phaneuf is hit by Simon Gagné and loses puck.
10:38 of 3rd period - Snap shot by Sidney Crosby.
10:38 of 3rd period - Shot Misses the Net.
10:40 of 3rd period - Snap shot by Sidney Crosby.
10:40 of 3rd period - Goal by Sidney Crosby - Blues : 3 - Senateurs : 3.
10:41 of 3rd period - Sidney Crosby wins face-off versus Nicklas Backstrom in neutral zone.
10:52 of 3rd period - Off-side.
10:53 of 3rd period - Nicklas Backstrom wins face-off versus Sidney Crosby in neutral zone.
11:04 of 3rd period - Snap shot by David Perron.
11:04 of 3rd period - Shot Blocked by Dion Phaneuf.
11:58 of 3rd period - Wrist shot by Stephane Da Costa.
11:58 of 3rd period - Stopped by Pascal Leclaire without a rebound.
11:59 of 3rd period - Stephane Da Costa wins face-off versus Sergey Kalinin in Blues zone.
12:06 of 3rd period - Slapshot by Michel Ouellet.
12:06 of 3rd period - Shot Misses the Net.
12:08 of 3rd period - Snap shot by Ryan Hollweg.
12:08 of 3rd period - Goal by Ryan Hollweg - Blues : 3 - Senateurs : 4.
12:09 of 3rd period - Sidney Crosby wins face-off versus Nicklas Backstrom in neutral zone.
12:18 of 3rd period - Wrist shot by Sidney Crosby.
12:18 of 3rd period - Stopped by Pascal Leclaire without a rebound.
12:19 of 3rd period - David Perron wins face-off versus Sidney Crosby in Blues zone.
12:38 of 3rd period - Snap shot by David Perron.
12:38 of 3rd period - Stopped by Ondrej Pavelec without a rebound.
12:39 of 3rd period - Jean-Gabriel Pageau wins face-off versus Evgeni Malkin in Senateurs zone.
13:04 of 3rd period - Sidney Crosby is hit by Jordan Eberle and loses puck.
13:13 of 3rd period - Snap shot by David Perron.
13:13 of 3rd period - Stopped by Ondrej Pavelec without a rebound.
13:14 of 3rd period - Nicklas Backstrom wins face-off versus Evgeni Malkin in Senateurs zone.
14:36 of 3rd period - Wrist shot by Stephane Da Costa.
14:36 of 3rd period - Shot Misses the Net.
14:54 of 3rd period - Wrist shot by Sidney Crosby.
14:54 of 3rd period - Stopped by Pascal Leclaire with a rebound.
15:26 of 3rd period - Minor Penalty to Kyle Clifford for Slashing.
15:27 of 3rd period - Sidney Crosby wins face-off versus Sergey Kalinin in Blues zone.
15:34 of 3rd period - Snap shot by Sidney Crosby.
15:34 of 3rd period - Shot Misses the Net.
15:36 of 3rd period - Slapshot by Cody Franson.
15:36 of 3rd period - Shot Blocked by Sergey Kalinin.
15:59 of 3rd period - Wrist shot by Evgeni Malkin.
15:59 of 3rd period - Stopped by Pascal Leclaire with a rebound.
17:26 of 3rd period - Penalty to Kyle Clifford is over, Kyle Clifford is back on ice.
17:46 of 3rd period - Minor Penalty to Radim Vrbata for Holding.
17:47 of 3rd period - Nicklas Backstrom wins face-off versus Sidney Crosby in Senateurs zone.
18:13 of 3rd period - Dion Phaneuf is hit by Filip Forsberg and loses puck.
18:32 of 3rd period - Duncan Keith is hit by Jean-Gabriel Pageau and loses puck.
19:25 of 3rd period - Sergei Shirokov is hit by Duncan Keith.
19:46 of 3rd period - Penalty to Radim Vrbata is over, Radim Vrbata is back on ice.
19:51 of 3rd period - Blues, Pascal Leclaire is pulled from the net.
19:57 of 3rd period - Wrist shot by Kyle Clifford.
19:57 of 3rd period - Shot Misses the Net.
19:59 of 3rd period - Wrist shot by Kyle Clifford.
19:59 of 3rd period - Shot Misses the Net.
Goals for this period are 0 for Blues vs 2 for Senateurs.
Shots for this period are 2 for Blues vs 11 for Senateurs.